 Dungeon Crawl Stone Soup version 0.25-a0-949-gdd2af9e06e (webtiles) character file.

Game seed: 5911640059864268353, levelgen mode: deterministic

219577 Flugslaktarn the Severer (level 18, -5/170 HPs)
             Began as a Deep Dwarf Fighter on May 9, 2020.
             Was the Champion of Makhleb.
             Killed from afar by an azure jelly (7 damage)
             ... with an exploding inner flame
             ... created by the Royal Jelly
             ... hexed by the player character
             ... on level 5 of the Pits of Slime.
             The game lasted 00:17:08 (17825 turns).

Flugslaktarn the Severer (Deep Dwarf Fighter)      Turns: 17825, Time: 00:17:08

Health: -5/170     AC: 12    Str: 32 (33) XL:     18   Next: 1%
Magic:  6/6        EV: 18    Int:  9 (10) God:    Makhleb [******]
Gold:   367        SH: 16    Dex: 23      Spells: 17/17 levels left

rFire    + + .     SeeInvis +   a - +5 broad axe of a bailey {freeze, rF+ MR+ Stlth+}
rCold    x . .     Gourm    .   c - +0 kite shield
rNeg     + . .     Faith    .   T - +2 plate armour "Fedolah" {Dex+10}
rPois    +         Spirit   .   L - +2 hat of Gurero {rPois SInv}
rElec    .         Reflect  .   E - +2 cloak
rCorr    +         Harm     .   V - +2 pair of gloves
MR       +++..                  (no boots)
Stlth    ..........             g - amulet of Luessat {Regen+ Str+7}
HPRegen  0.00/turn              o - ring of fire
MPRegen  0.10/turn              k - ring of resist corrosion

@: mighty, corroded, very slightly contaminated, non-regenerating
A: damage resistance, heal wounds, deterioration 1, negative energy resistance
1, sense surroundings 3, no regeneration
}: 2/15 runes: serpentine, barnacled
a: Heal Wounds, Minor Destruction, Lesser Servant of Makhleb, Major Destruction,
Greater Servant of Makhleb, Renounce Religion


You were on level 5 of the Pits of Slime.
You worshipped Makhleb.
Makhleb was exalted by your worship.
You were not hungry.

You visited 6 branches of the dungeon, and saw 35 of its levels.
You visited the Abyss 1 time.
You also visited: Gauntlet.

You collected 1607 gold pieces.
You spent 1240 gold pieces at shops.

Inventory:

Hand Weapons
 a - the +5 broad axe of a bailey (weapon) {freeze, rF+ MR+ Stlth+}
   (You acquired it on level 11 of the Dungeon)

   It has been specially enchanted to freeze those struck by it, causing extra
   injury to most foes and up to half again as much damage against particularly
   susceptible opponents.
   It can also slow down cold-blooded creatures.
   It protects you from fire.
   It affects your resistance to hostile enchantments.
   It makes you more stealthy.
Missiles
 M - 7 throwing nets (quivered)
Armour
 c - a +0 kite shield (worn)
 E - a +2 cloak (worn)
   (You found it on level 1 of the Dungeon)
 L - the +2 hat of Gurero (worn) {rPois SInv}
   (You acquired it on level 2 of the Lair of Beasts)

   It protects you from poison.
   It lets you see invisible.
 N - the +1 chain mail of Boiling Hail {rElec Slay+2}
   (You found it on level 3 of the Lair of Beasts)

   It affects your accuracy and damage with ranged weapons and melee attacks
   (+2).
   It insulates you from electricity.
 T - the +2 plate armour "Fedolah" (worn) {Dex+10}
   (You bought it in a shop on level 11 of the Dungeon)

   It affects your dexterity (+10).
 V - a +2 pair of gloves (worn)
   (You found it on level 2 of the Dungeon)
Jewellery
 g - the amulet of Luessat (around neck) {Regen+ Str+7}
   (You found it in a Gauntlet)

   [amulet of regeneration]

   It affects your strength (+7).
   It increases your rate of regeneration.
 k - a ring of resist corrosion (right hand)
   (You found it on level 11 of the Dungeon)
 m - an uncursed ring of protection from magic
   (You bought it in a shop on level 4 of the Snake Pit)
 o - a ring of fire (left hand)
   (You found it on level 4 of the Shoals)
 v - a +4 ring of evasion
   (You took it off a merfolk on level 3 of the Shoals)
 D - the ring of Barphayfu {Dex+7 Stlth+}
   (You found it in a Gauntlet)

   [ring of stealth]

   It affects your dexterity (+7).
   It makes you more stealthy.
Wands
 f - a wand of scattershot (3)
   (You found it on level 4 of the Dungeon)
 n - a wand of iceblast (17)
   (You found it on level 9 of the Dungeon)
 H - a wand of paralysis (21)
   (You found it in a Gauntlet)
 U - a wand of acid (5)
   (You found it on level 1 of the Snake Pit)
 X - a wand of enslavement (11)
   (You found it on level 9 of the Dungeon)
Scrolls
 p - 4 scrolls of magic mapping
 r - 3 scrolls of identify
 t - 7 scrolls of teleportation
 x - 6 scrolls of remove curse
 z - 2 scrolls of blinking
 A - 4 scrolls of fog
 B - 2 scrolls of summoning
 C - a scroll of vulnerability
 I - a scroll of silence
 K - 4 scrolls of enchant weapon
 P - a scroll of enchant armour
 Q - a scroll of fear
 R - 2 scrolls of brand weapon
Potions
 d - 3 potions of might
 h - a potion of haste
 j - 3 potions of ambrosia
 l - 7 potions of lignification
 q - 12 potions of curing
 s - 3 potions of mutation
 u - a potion of invisibility
 w - 3 potions of heal wounds
 F - 6 potions of cancellation
 G - 3 potions of flight
 J - a potion of degeneration {unknown}
 S - 2 potions of berserk rage
Comestibles
 e - 32 rations


   Skills:
 + Level 12.8 Fighting
 - Level 18.0 Axes
 + Level 14.9 Armour
 * Level 12.8 Dodging
 + Level 14.4 Shields
 - Level 15.0 Invocations


You had 17 spell levels left.
You didn't know any spells.
Your spell library was empty.

Dungeon Overview and Level Annotations

Branches:
Dungeon (15/15)            Temple (1/1) D:7            Lair (6/6) D:11
 Shoals (4/4) Lair:4        Snake (4/4) Lair:4        Slime (5/5) Lair:6
    Orc (0/2) D:9          Depths (0/5) D:15        Gauntlet (visited)
 Vaults: D:13-14

Altars:
Ashenzari
Dithmenos
Elyvilon
Fedhas
Gozag
Hepliaklqana
Kikubaaqudgha
Makhleb
Nemelex Xobeh
Okawaru
Ru
Sif Muna
Trog
Uskayaw
Vehumet
Wu Jian
Xom
Yredelemnul
Zin
The Shining One
Jiyva

Shops:
D:8 }   D:9 [(   D:11 [   Snake:4 }}=

Annotations:
Slime:5 Royal Jelly


Innate Abilities, Weirdness & Mutations

You are resistant to damage.
You can heal yourself by infusing magical energy.
You resist negative energy. (rN+)
You passively map a large area around you.
You do not regenerate.
Your body sometimes deteriorates upon taking damage.


Message History

You block the splash of acid.
The azure jelly is engulfed in blazing flames.
Flame seeps out of the azure jelly.
The azure jelly hits you. The azure jelly freezes you!!!
You feel a terrible chill!
* * * LOW HITPOINT WARNING * * *
Your body deteriorates!
You feel weakened. You block the azure jelly's attack.
The azure jelly closely misses you.
The azure jelly hits you but does no damage.
The acid blob is engulfed in blazing flames.
The acid blob explodes!
The fiery explosion engulfs the acid blob!!
The acid blob explodes!
The fiery explosion engulfs the acid blob!!
Flame seeps out of the acid blob.
The acid blob is heavily wounded.
The fiery explosion engulfs the azure jelly!!!
The azure jelly is burned terribly!
The azure jelly explodes!
The fiery explosion engulfs you! You resist.
You die...

####............## *
##................##* ,
..........<........##. ,
,......................
,,
....................... ,
.......................,
,.......................
, , ,
........................
, ,
..........§@§§..........,
, , ,
.........§°°°§..........
,, , ,
.........§JJJ§..........
, ,
,..........JJJJ..........
,...........J§☼.........
,,
,...........○§§........
,, ,
............°§........ ,
.........○..§°○...... ,,
............J........ ,


You could see the Royal Jelly (inner flame), 2 acid blobs, 2 azure jellies and 3
death oozes.

Vanquished Creatures
  Vashnia (Snake:4)
  8 acid blobs (Slime:5)
  2 tentacled starspawn (Abyss:3)
  A kraken (Shoals:2)
  10 nagarajas (Snake:4)
  6 azure jellies (Slime:5)
  A frost giant (Shoals:4)
  Nessos (D:12)
  The ghost of Qeorph the Fighter, a journeyman FoAK of Lugonu (Lair:5)
  A minotaur (Gauntlet)
  3 merfolk javelineers (Shoals:4)
  3 death oozes (Slime:5)
  10 merfolk impalers
  Josephine (D:11)
  A green death (Gauntlet)
  2 fire dragons (D:15)
  An ogre mage (D:15)
  3 naga warriors
  2 great orbs of eyes (Slime:5)
  6 hydras
  3 alligator snapping turtles
  A catoblepas (Lair:6)
  A merfolk avatar (Shoals:4)
  3 centaur warriors (D:15)
  3 merfolk aquamancers
  A satyr (Shoals:4)
  6 death yaks (Lair:3)
  2 anacondas
  A death knight (D:14)
  8 two-headed ogres
  7 naga sharpshooters
  Nergalle (Lair:2)
  2 shock serpents (Snake:4)
  A skeletal warrior (D:14)
  2 naga ritualists
  A spatial maelstrom (Abyss:4)
  11 sea snakes
  A glowing orange brain (Lair:5)
  2 large abominations (Abyss:3)
  3 unseen horrors
  A lindwurm (Lair:6)
  A phantasmal warrior (D:14)
  16 harpies
  An orc knight (D:15)
  6 cyclopes
  A wolf spider zombie (D:15)
  2 deep elf magi (D:15)
  2 salamanders
  An orc sorcerer (D:15)
  2 mana vipers
  An oklob plant (Lair:1)
  5 fauns
  A shining eye (Slime:3)
  6 elephants (Lair:3)
  16 manticores
  16 ugly things
  A rust devil (Abyss:3)
  4 centaur zombies
  17 black mambas
  5 merfolk sirens
  5 naga magi
  5 water nymphs
  13 spiny frogs
  2 torpor snails
  3 rime drakes
  3 komodo dragons
  Maggie (D:10)
  5 yaktaurs (D:15)
  A freezing wraith (D:14)
  5 polar bears (Lair:6)
  3 trolls (D:10)
  A meliai (shapeshifter) (Gauntlet)
  A silent spectre (Abyss:4)
  An ancient zyme (Abyss:3)
  35 merfolk
  9 hornets
  A meliai (D:6)
  3 wind drakes
  13 blink frogs
  6 raiju (Abyss:3)
  26 slime creatures
  5 snapping turtles
  19 dream sheep
  6 hippogriffs
  3 flying skulls (Abyss:3)
  12 spriggans (Lair:6)
  41 yaks
  A vampire (D:8)
  4 wyverns
  5 water elementals
  A wyvern (shapeshifter) (Gauntlet)
  5 wraiths
  2 basilisks
  A golden eye (Slime:4)
  A steam dragon (D:12)
  A chaos spawn (Abyss:3)
  30 nagas
  2 acid dragons
  12 porcupines
  11 water moccasins
  2 sky beasts
  9 orc warriors
  A hornet zombie (D:11)
  3 ice beasts
  An eye of draining (D:8)
  A phantom (D:5)
  A necrophage (D:11)
  3 black bears
  20 wolves
  7 boggarts
  10 crocodiles
  8 ogres
  3 small abominations (Abyss:3)
  19 centaurs
  5 big kobolds (D:8)
  20 bullfrogs
  3 scorpions
  18 wights
  5 killer bees (D:11)
  An electric eel (Lair:2)
  3 howler monkeys
  9 crimson imps
  4 starcursed masses
  2 gnoll shamans
  5 hounds
  2 jellies (D:5)
  2 quasits
  2 centaur skeletons
  14 orc priests
  14 orc wizards
  An iron imp (Abyss:4)
  5 iguanas
  12 worker ants
  A hound zombie (D:5)
  A hound skeleton (D:5)
  A howler monkey zombie (D:8)
  A worker ant zombie (D:9)
  2 howler monkey skeletons
  9 gnolls
  8 river rats (D:5)
  18 adders
  3 shadow imps
  A white imp (Abyss:3)
  An adder skeleton (D:4)
  An adder zombie (D:4)
  5 dart slugs
  2 leopard geckos
  52 orcs
  4 ball pythons
  A giant cockroach (D:5)
  6 goblins
  6 hobgoblins
  2 jackals (D:6)
  16 kobolds
  9 quokkas
  6 bats
  2 frilled lizards
  2 leopard gecko skeletons (D:5)
  2 quokka skeletons
  22 rats
  5 fungi
  6 plants
  A starspawn tentacle (Abyss:3)
  3 tentacles (Shoals:2)
947 creatures vanquished.

Vanquished Creatures (collateral kills)
  An anaconda (Snake:4)
  3 naga sharpshooters (Snake:4)
  A naga ritualist (Snake:4)
  A black mamba (Snake:4)
  3 naga magi (Snake:4)
  9 nagas (Snake:4)
18 creatures vanquished.

Vanquished Creatures (others)
  A thrashing horror (Abyss:3)
  A small abomination (Abyss:3)
  An adder (D:5)
  3 demonic plants (Gauntlet)
  24 fungi
  8 plants
  4 starspawn tentacles (Abyss:3)
  4 tentacles (Shoals:2)
46 creatures vanquished.

Grand Total: 1011 creatures vanquished

Notes
Turn   | Place    | Note
-------+----------+-------------------------------------------
     0 | D:1      | Flugslaktarn the Deep Dwarf Fighter began the quest for the
                  | Orb.
     0 | D:1      | Reached XP level 1. HP: 20/20 MP: 1/1
    83 | D:1      | Reached XP level 2. HP: 27/27 MP: 2/2
   293 | D:2      | Reached skill level 3 in Axes
   293 | D:2      | Reached XP level 3. HP: 29/33 MP: 3/3
   389 | D:2      | Found a sacrificial altar of Ru.
   398 | D:2      | Reached XP level 4. HP: 37/42 MP: 4/4
   943 | D:4      | Reached skill level 4 in Axes
   948 | D:4      | Reached XP level 5. HP: 42/49 MP: 4/4
  1226 | D:4      | Reached XP level 6. HP: 57/57 MP: 4/4
  1295 | D:4      | Reached skill level 5 in Axes
  1310 | D:4      | Found a white marble altar of Elyvilon.
  1658 | D:5      | Entered Level 5 of the Dungeon
  1725 | D:5      | Reached XP level 7. HP: 57/64 MP: 5/5
  1777 | D:5      | Found a glowing silver altar of Zin.
  1801 | D:5      | Reached skill level 5 in Shields
  1817 | D:5      | Reached skill level 5 in Armour
  1981 | D:5      | Reached skill level 6 in Axes
  2262 | D:5      | Found a shimmering altar of Xom.
  2807 | D:6      | Reached XP level 8. HP: 57/73 MP: 6/6
  2829 | D:6      | Reached skill level 7 in Axes
  2933 | D:6      | Noticed a meliai
  2949 | D:6      | Killed a meliai
  2949 | D:6      | Reached skill level 5 in Fighting
  2996 | D:6      | Reached skill level 8 in Axes
  3020 | D:6      | Noticed a purple ugly thing
  3055 | D:6      | Killed a purple ugly thing
  3055 | D:6      | Gained mutation: You passively map the area around you.
                  | [Deep Dwarf growth]
  3055 | D:6      | Reached XP level 9. HP: 53/81 MP: 3/3
  3569 | D:7      | Found an ornate altar of the Wu Jian Council.
  3624 | D:7      | Reached skill level 9 in Axes
  3667 | D:7      | Found a staircase to the Ecumenical Temple.
  3679 | Temple   | Entered the Ecumenical Temple
  3773 | Temple   | Became a worshipper of Makhleb the Destroyer
  4081 | D:8      | Noticed a purple ugly thing
  4105 | D:8      | Killed a purple ugly thing
  4105 | D:8      | Reached skill level 1 in Invocations
  4123 | D:8      | Found Akhimp's Gadget Shoppe.
  4302 | D:8      | Reached skill level 10 in Axes
  4329 | D:8      | Noticed a two-headed hydra
  4343 | D:8      | Killed a one-headed hydra
  4343 | D:8      | Reached XP level 10. HP: 60/92 MP: 4/4
  4443 | D:8      | Reached * piety under Makhleb
  5028 | D:8      | Found a bloodstained altar of Trog.
  5120 | D:9      | Found Visan's Armour Boutique.
  5120 | D:9      | Found a staircase to the Orcish Mines.
  5122 | D:9      | Found Xeaceneg's Weapon Boutique.
  5149 | D:9      | Reached skill level 5 in Invocations
  5168 | D:9      | Reached ** piety under Makhleb
  5172 | D:9      | Reached skill level 11 in Axes
  5509 | D:9      | Found a shimmering altar of Xom.
  5552 | D:9      | Reached *** piety under Makhleb
  5553 | D:9      | Reached XP level 11. HP: 75/100 MP: 4/4
  5911 | D:10     | Entered Level 10 of the Dungeon
  6061 | D:10     | Noticed Maggie
  6073 | D:10     | Killed Maggie
  6104 | D:10     | Found an iron altar of Okawaru.
  6524 | D:11     | Noticed a two-headed ogre
  6525 | D:11     | Found Foigh's Antique Armour Shop.
  6536 | D:11     | Killed a two-headed ogre
  6591 | D:11     | Killed an unseen horror
  6591 | D:11     | Reached skill level 12 in Axes
  6656 | D:11     | Reached **** piety under Makhleb
  6661 | D:11     | Found a staircase to the Lair.
  6665 | D:11     | Noticed Josephine
  6705 | D:11     | Noticed a green ugly thing
  6713 | D:11     | Killed Josephine
  6745 | D:11     | Killed a green ugly thing
  7110 | D:11     | Reached ***** piety under Makhleb
  7153 | D:11     | Killed an unseen horror
  7153 | D:11     | Reached XP level 12. HP: 57/110 MP: 3/3
  7287 | D:11     | Reached skill level 13 in Axes
  7494 | D:11     | Reached skill level 10 in Armour
  7772 | D:11     | Identified a scroll of acquirement
  7774 | D:11     | Identified the +5 broad axe of a bailey {freeze, rF+ MR+
                  | Stlth+} (You acquired it on level 11 of the Dungeon)
  7824 | Lair:1   | Entered Level 1 of the Lair of Beasts
  7997 | Lair:1   | Reached skill level 10 in Shields
  8654 | Lair:2   | Found a gate leading to a gauntlet.
  8671 | Gauntlet | Entered a Gauntlet
  8671 | Gauntlet | Found a transporter.
  8671 | Gauntlet | Found a transporter.
  8681 | Gauntlet | Found a transporter.
  8684 | Gauntlet | Found a transporter.
  8692 | Gauntlet | Found a transporter.
  8695 | Gauntlet | Found a transporter.
  8701 | Gauntlet | Noticed a green death
  8703 | Gauntlet | Found a transporter.
  8721 | Gauntlet | Found a transporter.
  8721 | Gauntlet | Noticed a cacodemon
  8726 | Gauntlet | Found a transporter.
  8729 | Gauntlet | Found a transporter.
  8731 | Gauntlet | Found a runed translucent gate.
  8731 | Gauntlet | Found a runed translucent gate.
  8732 | Gauntlet | Found a large runed translucent door.
  8732 | Gauntlet | Found a large runed translucent door.
  8733 | Gauntlet | Found a large runed translucent door.
  8734 | Gauntlet | Found a large runed translucent door.
  8735 | Gauntlet | Found a large runed translucent door.
  8735 | Gauntlet | Found a large runed translucent door.
  8735 | Gauntlet | Found a runed translucent door.
  8736 | Gauntlet | Found a large runed translucent door.
  8737 | Gauntlet | Found a large runed translucent door.
  8739 | Gauntlet | Found a transporter.
  8740 | Gauntlet | Found a runed translucent gate.
  8740 | Gauntlet | Found a runed translucent door.
  8778 | Gauntlet | Found a large runed translucent door.
  8778 | Gauntlet | Found a large runed translucent door.
  8779 | Gauntlet | Found a large runed translucent door.
  8780 | Gauntlet | Found a large runed translucent door.
  8781 | Gauntlet | Found a large runed translucent door.
  8781 | Gauntlet | Found a large runed translucent door.
  8782 | Gauntlet | Found a large runed translucent door.
  8783 | Gauntlet | Found a large runed translucent door.
  8788 | Gauntlet | Found a transporter.
  8880 | Gauntlet | Killed a green death
  8886 | Gauntlet | Got a pitted steel amulet
  8889 | Gauntlet | Got a scorched platinum ring
  8895 | Gauntlet | Identified the amulet of Luessat {Regen+ Str+7} (You found
                  | it in a Gauntlet)
  8896 | Gauntlet | Identified the ring of Barphayfu {Dex+7 Stlth+} (You found
                  | it in a Gauntlet)
  8909 | Gauntlet | Noticed a minotaur
  8929 | Gauntlet | Killed a minotaur
  9100 | Lair:2   | Noticed a six-headed hydra
  9119 | Lair:2   | Killed a 19-headed hydra
  9119 | Lair:2   | Reached skill level 14 in Axes
  9247 | Lair:2   | Identified the +2 hat of Gurero {rPois SInv} (You acquired
                  | it on level 2 of the Lair of Beasts)
  9387 | Lair:2   | Noticed Nergalle
  9403 | Lair:2   | Killed Nergalle
  9649 | Lair:3   | Noticed a death yak
  9649 | Lair:3   | Noticed a death yak
  9649 | Lair:3   | Noticed a death yak
  9650 | Lair:3   | Noticed a death yak
  9650 | Lair:3   | Noticed a death yak
  9651 | Lair:3   | Noticed a death yak
  9652 | Lair:3   | Noticed an eight-headed hydra
  9659 | Lair:3   | Killed a death yak
  9661 | Lair:3   | Killed a death yak
  9661 | Lair:3   | Reached XP level 13. HP: 90/121 MP: 2/2
  9684 | Lair:3   | Reached skill level 10 in Invocations
 10058 | Lair:3   | Got a jewelled chain mail
 10069 | Lair:3   | Identified the +1 chain mail of Boiling Hail {rElec Slay+2}
                  | (You found it on level 3 of the Lair of Beasts)
 10195 | Lair:3   | Reached ****** piety under Makhleb
 10413 | Lair:4   | Found a staircase to the Snake Pit.
 10501 | Lair:4   | Found a staircase to the Shoals.
 10656 | Lair:4   | Reached skill level 15 in Axes
 11489 | D:12     | Noticed Nessos
 11527 | D:12     | Killed Nessos
 11527 | D:12     | Reached skill level 10 in Fighting
 11637 | D:13     | Found a frozen archway.
 11684 | D:13     | Found a sparkling altar of Nemelex Xobeh.
 11739 | D:14     | Gained mutation: You resist negative energy. (rN+) [Deep
                  | Dwarf growth]
 11739 | D:14     | Reached XP level 14. HP: 132/132 MP: 4/4
 11820 | D:15     | Entered Level 15 of the Dungeon
 11966 | D:15     | Reached skill level 16 in Axes
 12505 | D:15     | Found a staircase to the Depths.
 12699 | D:11     | Bought a fine plate armour for 840 gold pieces
 12709 | D:11     | Identified the +2 plate armour "Fedolah" {Dex+10} (You
                  | bought it in a shop on level 11 of the Dungeon)
 12958 | Lair:5   | Reached skill level 1 in Dodging
 12996 | Lair:5   | Noticed Qeorph's ghost (journeyman FoAK)
 13002 | Lair:5   | Found a runed translucent door.
 13118 | Lair:5   | Cast into level 3 of the Abyss (Qeorph's ghost)
 13130 | Abyss:3  | Found a shimmering altar of Xom.
 13130 | Abyss:3  | Found a shimmering altar of Xom.
 13130 | Abyss:3  | Found a shimmering altar of Xom.
 13130 | Abyss:3  | Found a shimmering altar of Xom.
 13130 | Abyss:3  | Found a shimmering altar of Xom.
 13130 | Abyss:3  | Found a shimmering altar of Xom.
 13130 | Abyss:3  | Found a corrupted altar of Lugonu.
 13130 | Abyss:3  | Found a shimmering altar of Xom.
 13130 | Abyss:3  | Found a shimmering altar of Xom.
 13130 | Abyss:3  | Found a shimmering altar of Xom.
 13130 | Abyss:3  | Found a shimmering altar of Xom.
 13130 | Abyss:3  | Found a shimmering altar of Xom.
 13131 | Abyss:3  | Found a shimmering altar of Xom.
 13131 | Abyss:3  | Found a shimmering altar of Xom.
 13131 | Abyss:3  | Found a shimmering altar of Xom.
 13131 | Abyss:3  | Found a shimmering altar of Xom.
 13131 | Abyss:3  | Found a shimmering altar of Xom.
 13131 | Abyss:3  | Found a shimmering altar of Xom.
 13131 | Abyss:3  | Found a shimmering altar of Xom.
 13187 | Abyss:3  | Noticed a tentacled starspawn
 13192 | Abyss:3  | Killed a tentacled starspawn
 13202 | Abyss:3  | Noticed a starcursed mass
 13221 | Abyss:3  | Reached XP level 15. HP: 100/140 MP: 6/6
 13245 | Abyss:3  | Noticed a tentacled starspawn
 13252 | Abyss:3  | Killed a tentacled starspawn
 13384 | Lair:5   | Escaped the Abyss
 13400 | Lair:5   | Killed Qeorph's ghost
 13896 | Lair:6   | Entered Level 6 of the Lair of Beasts
 13990 | Lair:6   | Reached skill level 17 in Axes
 14042 | Lair:6   | Reached skill level 5 in Dodging
 14380 | Snake:1  | Entered Level 1 of the Snake Pit
 14725 | Snake:4  | Entered Level 4 of the Snake Pit
 14725 | Snake:4  | Noticed a nagaraja
 14737 | Snake:4  | Killed a nagaraja
 14935 | Snake:4  | Noticed a nagaraja
 14953 | Snake:4  | Killed a nagaraja
 14958 | Snake:4  | Found Inioro's Gadget Emporium.
 14959 | Snake:4  | Found Ichufulej's Jewellery Boutique.
 14960 | Snake:4  | Found Obbus's Gadget Emporium.
 14979 | Snake:4  | Bought an uncursed ring of protection from magic for 400
                  | gold pieces
 15000 | Snake:4  | Noticed a nagaraja
 15014 | Snake:4  | Killed a nagaraja
 15014 | Snake:4  | Reached XP level 16. HP: 151/151 MP: 8/8
 15078 | Snake:4  | Noticed Vashnia
 15260 | Snake:4  | Killed Vashnia
 15260 | Snake:4  | Reached skill level 18 in Axes
 15391 | Snake:4  | Got a serpentine rune of Zot
 15569 | Shoals:1 | Entered Level 1 of the Shoals
 15900 | Shoals:2 | Noticed a kraken
 15910 | Shoals:2 | Killed a kraken
 16199 | Shoals:2 | Reached skill level 10 in Dodging
 16394 | Shoals:3 | Reached XP level 17. HP: 159/159 MP: 6/6
 16529 | Shoals:4 | Entered Level 4 of the Shoals
 17216 | Shoals:4 | Reached skill level 15 in Invocations
 17239 | Shoals:4 | Got a barnacled rune of Zot
 17550 | Lair:6   | Found a staircase to the Slime Pits.
 17550 | Lair:6   | Found a viscous altar of Jiyva.
 17576 | Slime:1  | Entered Level 1 of the Pits of Slime
 17625 | Slime:3  | Gained mutation: Your body sometimes deteriorates upon
                  | taking damage. [a shining eye]
 17647 | Slime:5  | Entered Level 5 of the Pits of Slime
 17653 | Slime:5  | Noticed an acid blob
 17667 | Slime:5  | Killed an acid blob
 17689 | Slime:5  | Noticed an acid blob
 17703 | Slime:5  | Killed an acid blob
 17724 | Slime:5  | Noticed an acid blob
 17731 | Slime:5  | Killed an acid blob
 17753 | Slime:5  | Noticed an acid blob
 17754 | Slime:5  | Found a viscous altar of Jiyva.
 17772 | Slime:5  | Killed an acid blob
 17781 | Slime:5  | Noticed the Royal Jelly
 17783 | Slime:5  | Noticed an acid blob
 17812 | Slime:5  | Noticed an acid blob
 17812 | Slime:5  | Killed an acid blob
 17812 | Slime:5  | Gained mutation: You passively map a large area around you.
                  | [Deep Dwarf growth]
 17812 | Slime:5  | Reached XP level 18. HP: 72/170 MP: 7/7
 17814 | Slime:5  | HP: 3/170 [azure jelly[the Royal Jelly] (59)]
 17825 | Slime:5  | HP: 2/170 [azure jelly[the Royal Jelly] (58)]
 17825 | Slime:5  | Killed from afar by an azure jelly

Levels and vault maps discovered:
D:1:      lemuel_arrival_funnel, layout_basic
D:2:      minmay_chambers_of_ones, layout_basic, first_ration,
          nicolae_ru_great_annihilating_truth
D:3:      cheibrodos_fertilizer, layout_basic, grunt_qazlal_sundering,
          nicolae_overflow_hidden_temple, chequers_ecumenical_altar_grove,
          uniq_terence
D:4:      layout_basic, overflow_temple_1_default
D:5:      lemuel_ratsnest, layout_gridville, zin_academy, st_stairs_10,
          xom_confusion_cloud
D:6:      layout_cave_pools, kb_rosetta
D:7:      layout_basic, lemuel_round_altar, minmay_temple_entry_water_ring
D:8:      layout_gridville, serial_shops, shop, hangedman_ranch
          [blue_anna_fruit_fields], trog_hazing_becter
D:9:      layout_roguey, nicolae_overflow_crystal_walls, orc_david_3,
          minmay_misc_feat_nine_boxes
D:10:     layout_basic, okawaru_ov_weapons_minmay, uniq_maggie
D:11:     layout_basic, due_lair_maze_entry_diamond, serial_shops, shop,
          uniq_josephine
D:12:     layout_gridville, kennysheep_generic_room_16, uniq_nessos
D:13:     layout_roguey, david_vaults_2, portal_ice_cave_entry_pillars_1,
          serial_shops, nicolae_shop_temple_entry_statues_fountains,
          david_defended_altar_elf, uniq_rupert
D:14:     layout_rooms, minmay_fountain_box, serial_park_tiny_pond
D:15:     grunt_enter_depths_hoard, layout_loops_ring, drop_trap
Temple:   lightli_temple_of_artemis
Lair:1:   layout_cave_pods, minmay_lair_oklob_chamber
Lair:2:   layout_chaotic_city, gauntlet_entry_generic, serial_bayou_shore_a,
          uniq_nergalle
Lair:3:   layout_chaotic_city
Lair:4:   layout_cave_pods, shoals_dummy_entry, minmay_snake_entry_six_corridors
Lair:5:   layout_roguey, hellmonk_ghost_happy_afterlife
Lair:6:   minmay_lair_end_enchanted_forest, layout_loops_ring, slime_altar_1,
          ebering_ghost_xom
Shoals:1: layout_shoals
Shoals:2: layout_shoals, nicolae_shoals_arrival_archipelago
Shoals:3: layout_shoals
Shoals:4: shoals_end_grunt_ice, layout_shoals, nicolae_shoals_wave_tunnel
Snake:1:  layout_onion_interference
Snake:2:  layout_basic
Snake:3:  layout_chambers
Snake:4:  minmay_snake_end_coiled, layout_grid_shapes, st_stairs_11,
          minmay_shop_grove, uniq_vashnia
Slime:1:  layout_caves
Slime:2:  layout_caves
Slime:3:  cheibrodos_slime_lost_civilization_10, layout_caves
Slime:4:  layout_caves
Slime:5

Skill      XL: |  1  2  3  4  5  6  7  8  9 10 11 12 13 14 15 16 17 |
---------------+----------------------------------------------------+-----
Axes           | 3 4 5 6 8 10 11 12 14 15 16 17 18 | 18.0
Fighting       | 3 4 5 6 7 8 9 10 11 12 | 12.8
Armour         | 4 5 6 7 8 9 10 11 12 13 14 | 14.9
Shields        | 4 5 6 7 8 9 10 11 12 13 14 | 14.4
Invocations    | 3 5 8 9 11 12 13 14 15 | 15.0
Dodging        | 2 7 10 12 | 12.8

Action                   |  1- 3 |  4- 6 |  7- 9 | 10-12 | 13-15 | 16-18 || total
-------------------------+-------+-------+-------+-------+-------+-------++-------
Melee: War axe           |    48 |   153 |   478 |   739 |       |       ||  1418
       Falchion          |       |       |     4 |       |       |       ||     4
       Broad axe         |       |       |       |   165 |  1001 |  1001 ||  2167
Throw: Throwing net      |       |       |       |       |       |     1 ||     1
Invok: Lesser Servant of |       |       |       |     1 |       |       ||     1
       Greater Servant o |       |       |       |       |       |     3 ||     3
       Major Destruction |       |       |       |       |       |     2 ||     2
 Abil: Heal Wounds       |       |     4 |    13 |    30 |     2 |    13 ||    62
Evoke: Wand              |       |       |       |     4 |       |       ||     4
  Use: Scroll            |       |       |    15 |    13 |     7 |     7 ||    42
       Potion            |       |       |       |     3 |       |     8 ||    11
 Stab: Invisible         |     1 |       |       |       |       |       ||     1
       Distracted        |       |       |       |       |       |     1 ||     1
       Held in net/web   |       |       |       |       |       |     2 ||     2
  Eat: Chunk             |       |     3 |    10 |    18 |    11 |     7 ||    49
       Ration            |       |       |       |       |     2 |     2 ||     4
Armor: Scale mail        |    22 |    15 |       |       |       |       ||    37
       Chain mail        |       |    21 |       |       |   128 |       ||   149
       Plate armour      |       |    73 |   217 |   507 |   232 |   316 ||  1345
Dodge: Dodged            |    17 |    30 |    65 |   188 |   281 |   629 ||  1210
Block: Kite shield       |    37 |   118 |   321 |   713 |   623 |   851 ||  2663
       Reflection        |       |     2 |     6 |    20 |       |       ||    28

Table legend:
 A = Non-vault XP
 B = Vault XP
 C = Vault XP percentage of total XP
 D = Non-vault monster count
 E = Vault monster count
 F = Vault count percentage of total count
                 A         B        C        D         E       F
            +---------+---------+-------+---------+---------+-------
      Total |  201088 |   90356 |  31.0 |     694 |     247 |  26.2
            +---------+---------+-------+---------+---------+-------
        D:1 |      23 |       0 |   0.0 |      12 |       0 |   0.0
        D:2 |      65 |      56 |  46.3 |      15 |       4 |  21.1
        D:3 |       7 |       0 |   0.0 |       4 |       0 |   0.0
        D:4 |     405 |       0 |   0.0 |      23 |       0 |   0.0
        D:5 |     281 |     431 |  60.5 |      11 |      39 |  78.0
        D:6 |     592 |    1046 |  63.9 |      12 |       4 |  25.0
        D:7 |     727 |       0 |   0.0 |      22 |       0 |   0.0
        D:8 |    2350 |    2156 |  47.8 |      37 |      14 |  27.5
        D:9 |    2789 |     541 |  16.2 |      41 |       8 |  16.3
       D:10 |    1858 |     359 |  16.2 |      16 |       1 |   5.9
       D:11 |    7497 |    3298 |  30.6 |      54 |      14 |  20.6
       D:12 |    3597 |    1334 |  27.1 |      15 |       1 |   6.2
       D:13 |    2988 |       0 |   0.0 |      19 |       0 |   0.0
       D:14 |    8113 |       0 |   0.0 |      32 |       0 |   0.0
       D:15 |   20831 |    2119 |   9.2 |      47 |       2 |   4.1
     Lair:1 |    2320 |     643 |  21.7 |      12 |       2 |  14.3
     Lair:2 |    4115 |     812 |  16.5 |      15 |       1 |   6.2
     Lair:3 |   15017 |       0 |   0.0 |      36 |       0 |   0.0
     Lair:4 |    4272 |     679 |  13.7 |      21 |      12 |  36.4
     Lair:5 |    5126 |    1300 |  20.2 |      13 |       1 |   7.1
     Lair:6 |   10752 |    8644 |  44.6 |      33 |      44 |  57.1
   Shoals:1 |    8343 |       0 |   0.0 |      16 |       0 |   0.0
   Shoals:2 |   17099 |       0 |   0.0 |      31 |       0 |   0.0
   Shoals:3 |   10753 |       0 |   0.0 |      21 |       0 |   0.0
   Shoals:4 |   16814 |   21818 |  56.5 |      33 |      34 |  50.7
    Snake:1 |    6020 |       0 |   0.0 |      12 |       0 |   0.0
    Snake:2 |    1449 |       0 |   0.0 |       2 |       0 |   0.0
    Snake:3 |    2854 |       0 |   0.0 |       6 |       0 |   0.0
    Snake:4 |   15156 |   30833 |  67.0 |      27 |      51 |  65.4
    Slime:1 |    2382 |       0 |   0.0 |       7 |       0 |   0.0
    Slime:3 |    2370 |       0 |   0.0 |       8 |       0 |   0.0
    Slime:4 |     190 |       0 |   0.0 |       1 |       0 |   0.0
    Slime:5 |   12063 |   10604 |  46.8 |      14 |       8 |  36.4
    Abyss:3 |   10727 |       0 |   0.0 |      22 |       0 |   0.0
    Abyss:4 |    1143 |       0 |   0.0 |       4 |       0 |   0.0
   Gauntlet |       0 |    3683 | 100.0 |       0 |       7 | 100.0
            +---------+---------+-------+---------+---------+-------
